 Dungeon Crawl Stone Soup version 0.31.0-11-ge490571c62 (webtiles) character file.

Game seed: 6172705220508017554

130 qw the Skirmisher (level 4, 0/25 HPs)
             Began as a Deep Elf Hunter on Feb 3, 2024.
             Succumbed to their own poison gas
             ... on level 2 of the Dungeon.
             The game lasted 00:00:09 (1332 turns).

qw the Skirmisher (Deep Elf Hunter)                 Turns: 1332, Time: 00:00:10

Health: 0/25       AC:  4    Str: 16    XL:     4   Next: 90%
Magic:  6/6        EV: 13    Int: 14    God:
Gold:   59         SH:  5    Dex: 18    Spells: 3/3 levels left

rFire   . . .        d - +5 longbow (elec)
rCold   . . .        (shield currently unavailable)
rNeg    . . .        c - +0 leather armour
rPois   .            f - +0 helmet
rElec   .            (no cloak)
rCorr   .            (no gloves)
SInv    .            (no boots)
Will    +....        i - amulet of reflection
Stlth   ++           e - +6 ring of strength
HPRegen 0.24/turn    j - ring of willpower
MPRegen 0.10/turn

%: reflection
@: lethally poisoned (0 -> -1)
A: no striking features
a: no special abilities


You were on level 2 of the Dungeon.
You visited 1 branch of the dungeon, and saw 2 of its levels.

You collected 59 gold pieces.


   Skills:
 - Level 1.5 Fighting
 + Level 8.0 Ranged Weapons
 - Level 3.1 Dodging
 - Level 1.2 Stealth


You had 3 spell levels left.
You didn't know any spells.
Your spell library was empty.

Inventory:

Hand Weapons
 d - a +5 longbow of electrocution (weapon)
Armour
 c - a +0 leather armour (worn)
 f - a +0 helmet (worn)
Jewellery
 e - a +6 ring of strength (left hand)
 i - an amulet of reflection (around neck)
 j - a ring of willpower (right hand)
Potions
 h - a potion of cancellation {unknown}

Dungeon Overview and Level Annotations

Branches:
Dungeon (2/15)

Altars:

Shops:
D:1 =

Annotations:
D:1 1 runed translucent door


Message History

It was a scroll of poison.
Done exploring.
1322 ||| DROPPING potion of degeneration.
You drop a potion of degeneration.
Done exploring.
What level of the Dungeon? (default 2, ? - help) Sorry, I don't know how to get there.
Enter note:
Enter note:
Enter note:
Enter note:
Enter note:
Enter note:
Enter note:
Enter note:
Enter note:
Enter note:
Enter note:
Enter note: You are engulfed in poison gas.
You are poisoned.
You feel very sick.
1324 ||| Stepping ~*~*~tactically~*~*~ (cloud).
You feel very sick.
You see here a potion of degeneration.
There is a lethal amount of poison in your body!
You feel very sick.
There is a lethal amount of poison in your body!
You feel sick.
There is a lethal amount of poison in your body!
You feel sick.
There is a lethal amount of poison in your body!
You feel sick.
There is a lethal amount of poison in your body!
You feel sick.
There is a lethal amount of poison in your body!
You feel sick.
There is a lethal amount of poison in your body!
You feel sick.
There is a lethal amount of poison in your body!
You die...

#>.........'...#..........##
#.####.00.¤#¤.0¤¤0.%......'(
#.# #..¤0..00¤.¤##.......##
####'####....0¤.0.00##)......#
#............¤0¤.00¤##.......##
#.........###0¤¤¤0¤0##.......#.
#...)...0.###0¤¤¤¤00.#.......#.
#........¤0¤0¤.0.¤¤.0#####...#.
#.......0¤).¤0@00.¤¤00.........
#.......00¤¤0.00¤####.........#
#.......0.0¤¤¤¤¤¤#####.......##
#.........0¤¤¤.¤0¤.............
##......0.¤##¤¤0.#####......###
#.....#0¤¤####### #....>.#
#######0¤.# #......# #...#
##########%## #####
#..........###


There were no monsters in sight!

Vanquished Creatures
  Robin (D:2)
  5 adders
  A ribbon worm (D:2)
  A dart slug (D:1)
  7 endoplasms
  2 giant cockroaches
  12 goblins
  5 hobgoblins
  8 jackals (D:1)
  A quokka (D:2)
  7 ball pythons
  3 bats (D:1)
  4 frilled lizards
  2 kobolds
  5 rats (D:1)
64 creatures vanquished.

Notes
Turn   | Place    | Note
-------+----------+-------------------------------------------
     0 | D:1      | qw the Deep Elf Hunter began the quest for the Orb.
     0 | D:1      | Reached XP level 1. HP: 12/12 MP: 3/3
     0 | D:1      | Noticed a jelly
     0 | D:1      | 0 ||| qw: Version: 0.3-a-157-g843a77d
     0 | D:1      | 0 ||| qw: Game counter: 3881
     0 | D:1      | 0 ||| qw: Melee chars always use a shield: true
     0 | D:1      | 0 ||| qw: God list: Okawaru
     0 | D:1      | 0 ||| qw: Allow faded altars: false
     0 | D:1      | 0 ||| qw: Do Orc after clearing Dungeon:15 true
     0 | D:1      | 0 ||| qw: Do second Lair branch before Depths: true
     0 | D:1      | 0 ||| qw: Lair rune preference: random
     0 | D:1      | 0 ||| qw: Goals: Normal
     0 | D:1      | 0 ||| PLANNING D:1-11
     1 | D:1      | Found a runed translucent door.
     2 | D:1      | Noticed a jelly
    89 | D:1      | Reached skill level 6 in Ranged Weapons
    89 | D:1      | Reached XP level 2. HP: 16/16 MP: 4/4
   236 | D:1      | Reached XP level 3. HP: 18/20 MP: 5/5
   263 | D:1      | Found a faded altar of an unknown god.
   347 | D:1      | Found Gyrov's Jewellery Shop.
   350 | D:1      | 350 ||| SHOPLISTING +4 ring of protection (432 gold, have
                  | 27).
   350 | D:1      | 350 ||| SHOPLISTING +5 ring of evasion (432 gold, have 27).
   350 | D:1      | 350 ||| SHOPLISTING +6 ring of strength (432 gold, have
                  | 27).
   350 | D:1      | 350 ||| SHOPLISTING amulet of reflection (360 gold, have
                  | 27).
   350 | D:1      | 350 ||| SHOPLISTING amulet of regeneration (360 gold, have
                  | 27).
   350 | D:1      | 350 ||| SHOPLISTING ring of fire (300 gold, have 27).
   350 | D:1      | 350 ||| SHOPLISTING ring of poison resistance (240 gold,
                  | have 27).
   350 | D:1      | 350 ||| SHOPLISTING ring of protection from cold (300 gold,
                  | have 27).
   350 | D:1      | 350 ||| SHOPLISTING ring of willpower (300 gold, have 27).
   487 | D:1      | 487 ||| UPGRADING to +0 helmet.
   492 | D:1      | 492 ||| UPGRADING to +6 ring of strength.
   493 | D:1      | 493 ||| READING 2 scrolls labelled MIKATT YJITIYN.
   493 | D:1      | Identified 2 scrolls of acquirement
   493 | D:1      | 493 ||| ACQUIRING ring of willpower
   493 | D:1      | Acquired a ring of willpower
   495 | D:1      | 495 ||| UPGRADING to ring of willpower.
   496 | D:1      | 496 ||| READING scroll of acquirement.
   496 | D:1      | 496 ||| ACQUIRING +5 longbow of electrocution
   496 | D:1      | Acquired a +5 longbow of electrocution
   498 | D:1      | 498 ||| SWAPPING to +5 longbow of electrocution.
   499 | D:1      | 499 ||| DROPPING +0 shortbow.
   500 | D:1      | 500 ||| READING scroll labelled CIYNLOWNUO.
   500 | D:1      | 500 ||| IDENTIFYING golden potion
   501 | D:1      | 501 ||| READING 3 scrolls labelled SOTEMI DIOTAD.
   502 | D:1      | 502 ||| DROPPING scroll of butterflies.
   503 | D:1      | 503 ||| DROPPING 2 scrolls of fog.
   508 | D:2      | Noticed Robin
   509 | D:2      | 509 ||| STAIRDANCE
   513 | D:2      | 513 ||| STAIRDANCE
   515 | D:1      | HP: 5/20 [goblin/+0 club[Robin] (2)]
   516 | D:1      | 516 ||| DRINKING potion of heal wounds.
   520 | D:1      | HP: 4/20 [goblin/+0 club[Robin] (2)]
   590 | D:2      | 590 ||| STAIRDANCE
   594 | D:1      | Reached skill level 7 in Ranged Weapons
   594 | D:1      | HP: 5/20 [goblin/+0 club[Robin] (3)]
   661 | D:2      | 661 ||| STAIRDANCE
   669 | D:2      | 669 ||| STAIRDANCE
   685 | D:2      | 685 ||| STAIRDANCE
   705 | D:2      | 705 ||| STAIRDANCE
   744 | D:2      | Killed Robin
   745 | D:2      | Reached XP level 4. HP: 19/25 MP: 6/6
   745 | D:2      | 745 ||| STAIRDANCE
  1030 | D:2      | Reached skill level 8 in Ranged Weapons
  1119 | D:2      | Reached skill level 3 in Dodging
  1308 | D:2      | 1308 ||| UPGRADING to amulet of reflection.
  1313 | D:2      | 1313 ||| DROPPING ring of wizardry.
  1314 | D:2      | 1314 ||| READING scroll of identify.
  1314 | D:2      | 1314 ||| IDENTIFYING viscous ruby potion
  1315 | D:2      | 1315 ||| READING scroll labelled CUESEY JUQECW.
  1320 | D:2      | 1320 ||| READING scroll labelled JALAHI FUMI.
  1321 | D:2      | 1321 ||| READING scroll labelled PAKYNK DESTUIT.
  1322 | D:2      | 1322 ||| DROPPING potion of degeneration.
  1324 | D:2      | 1324 ||| Stepping ~*~*~tactically~*~*~ (cloud).
  1326 | D:2      | HP: 6/25 [poisoned by you (poison gas)]
  1330 | D:2      | HP: 2/25 [poisoned by you (poison gas)]
  1332 | D:2      | Succumbed to their own poison gas

Levels and vault maps discovered:
D:1:      dpeg_arrival_caged_fury, layout_rooms, serial_shops,
          nicolae_shop_real_fake_doors,
          dreamdust_ecumenical_altar_angels_and_demons, minmay_misc_feat_cross
D:2:      layout_basic, uniq_robin

Skill      XL: |  1  2  3  4 |
---------------+-------------+-----
Ranged Weapons | 6 7 8 |  8.0
Dodging        | 3 |  3.1
Fighting       | |  1.5
Stealth        | |  1.2

Action                     |  1- 3 |  4- 6 || total
---------------------------+-------+-------++-------
   Fire: Shortbow          |    69 |       ||    69
         Longbow           |    14 |    32 ||    46
    Use: Scroll            |     4 |     4 ||     8
         Potion            |     1 |       ||     1
 Armour: Leather armour    |    46 |       ||    46
  Dodge: Dodged            |    58 |     5 ||    63

Table legend:
 A = Non-vault XP
 B = Vault XP
 C = Vault XP percentage of total XP
 D = Non-vault monster count
 E = Vault monster count
 F = Vault count percentage of total count
                 A         B        C        D         E       F
            +---------+---------+-------+---------+---------+-------
      Total |     151 |      36 |  19.3 |      53 |      11 |  17.2
            +---------+---------+-------+---------+---------+-------
        D:1 |      65 |      16 |  19.8 |      33 |       8 |  19.5
        D:2 |      86 |      20 |  18.9 |      20 |       3 |  13.0
            +---------+---------+-------+---------+---------+-------
